 Dungeon Crawl Stone Soup version 0.28-a0-1167-g616b1c6417 (webtiles) character file.

Game seed: 6667827381860897927

400 LadyOphelia the Chopper (level 6, -3/56 HPs)
             Began as a Minotaur Berserker on Dec 16, 2021.
             Was a Believer of Trog.
             Killed by nerve-wracking pain
             ... invoked by a shadow imp
             ... summoned by Natasha
              (13 damage)
             ... on level 3 of the Dungeon.
             The game lasted 00:07:53 (2657 turns).

LadyOphelia the Chopper (Minotaur Berserker)        Turns: 2657, Time: 00:07:54

Health: -3/56      AC:  5    Str: 24    XL:     6   Next: 54%
Magic:  5/5        EV: 12    Int:  4    God:    Trog [**....]
Gold:   74         SH:  0    Dex:  9    Spells: 5/5 levels left

rFire   . . .      SeeInvis .   a - +0 hand axe
rCold   . . .      Faith    .   (no shield)
rNeg    . . .      Spirit   .   b - +0 animal skin
rPois   .          Reflect  .   (helmet restricted)
rElec   .          Harm     .   k - +0 cloak
rCorr   .          Rampage  .   g - +0 pair of gloves
Will    .....                   l - +0 pair of boots
Stlth   +.........              (no amulet)
HPRegen 0.18/turn               (no ring)
MPRegen 0.09/turn               (no ring)

@: on berserk cooldown
A: horns 2, retaliatory headbutt
a: Renounce Religion, Berserk, Trog's Hand


You were on level 3 of the Dungeon.
You worshipped Trog.
Trog was pleased with you.
You visited 1 branch of the dungeon, and saw 3 of its levels.

You collected 74 gold pieces.

Inventory:

Hand Weapons
 a - a +0 hand axe (weapon)
Armour
 b - a +0 animal skin (worn)
 g - a +0 pair of gloves (worn)
 k - a +0 cloak (worn)
 l - a +0 pair of boots (worn)
Scrolls
 c - 2 scrolls of teleportation {unknown}
 d - a scroll of summoning {unknown}
 f - a scroll of identify {unknown}
 h - 2 scrolls of enchant armour {unknown}
Potions
 e - 2 potions of curing {unknown}
 i - a potion of flight {unknown}
 j - a potion of heal wounds {unknown}


   Skills:
 + Level 5.2 Fighting
 * Level 6.3 Axes
 + Level 4.2 Armour
 + Level 3.9 Dodging


You had 5 spell levels left.
You didn't know any spells.
Your spell library was empty.

Dungeon Overview and Level Annotations

Branches:
Dungeon (3/15)

Altars:

Annotations:
D:3 Natasha


Innate Abilities, Weirdness & Mutations

You have a pair of horns on your head.
You reflexively headbutt those who attack you in melee.


Message History

Natasha, Servant of Life and Death comes into view.
Natasha is nearby!
Natasha is nearby!
Your skin crawls.
You feel strong-willed.
Natasha hisses angrily.
Natasha casts a spell at you. The magic dart hits you.
* * * LOW HITPOINT WARNING * * *
Natasha stares at you and mumbles some strange words.
The magic dart hits you.
* * * LOW HITPOINT WARNING * * *
You feel the effects of Trog's Hand fading.
Natasha misses you. Natasha barely misses you. You furiously retaliate!
You headbutt Natasha. Natasha closely misses you.
You hit Natasha.
Natasha is heavily wounded.
Your skin stops crawling.
You feel less strong-willed.
Natasha casts a spell.
You hit Natasha. Your headbutt misses Natasha.
Natasha is severely wounded.
Natasha closely misses you. Natasha barely misses you.
You barely miss Natasha.
Natasha is severely wounded.
You closely miss the shadow imp. The shadow imp hits you.
* * * LOW HITPOINT WARNING * * *
Natasha barely misses you.
The shadow imp hits you but does no damage.
The shadow imp spits at you. The shadow imp gestures at you.
Pain shoots through your body!
* * * LOW HITPOINT WARNING * * *
Natasha casts a spell at you. You resist with some effort.
Natasha casts a spell.
You feel yourself speed up. The shadow imp gestures at you.
Pain shoots through your body!
You die...

##....## ##.#....# #.#
#.......# #.# .
#..#....# ##.## . .#
#...###### #...##. .#
##.###...########......
.#
#.###.................
.#
#.#h5.....####........
.#
#....@................
.#
###..5....######......
.# ###...### #....#. .#
#...# ###...8 .# ##.##
#.... )# #.# ###.8.. .#
#.. ........ .# ###
####...> .# #......


You could see Natasha, a white imp (summoned) and a shadow imp (summoned).

Vanquished Creatures
  Grinder (D:3)
  Natasha (twice) (D:3)
  An iguana (D:2)
  An orc wizard (D:3)
  3 adders
  2 worms
  2 dart slugs
  4 orcs (D:3)
  7 ball pythons
  6 bats
  6 endoplasms
  2 giant cockroaches (D:1)
  3 goblins
  8 hobgoblins
  4 jackals (D:1)
  9 kobolds
  A quokka (D:2)
  2 frilled lizards (D:1)
  9 rats
73 creatures vanquished.

Notes
Turn   | Place    | Note
-------+----------+-------------------------------------------
     0 | D:1      | LadyOphelia the Minotaur Berserker began the quest for the
                  | Orb.
     0 | D:1      | Reached XP level 1. HP: 19/19 MP: 0/0
    49 | D:1      | Reached XP level 2. HP: 27/27 MP: 1/1
    53 | D:1      | Reached skill level 4 in Axes
   680 | D:1      | Reached XP level 3. HP: 33/33 MP: 2/2
   748 | D:1      | Found a faded altar of an unknown god.
   765 | D:1      | Reached ** piety under Trog
  1539 | D:2      | Reached XP level 4. HP: 41/41 MP: 3/3
  1837 | D:3      | Noticed Natasha
  1853 | D:3      | Killed Natasha
  1854 | D:3      | Reached skill level 5 in Axes
  2050 | D:3      | Reached XP level 5. HP: 21/47 MP: 4/4
  2582 | D:3      | Noticed Natasha
  2587 | D:3      | Killed Natasha
  2601 | D:3      | Noticed Grinder
  2624 | D:3      | Killed Grinder
  2625 | D:3      | Reached skill level 5 in Fighting
  2625 | D:3      | Reached skill level 6 in Axes
  2625 | D:3      | Reached XP level 6. HP: 8/56 MP: 5/5
  2642 | D:3      | Noticed Natasha
  2657 | D:3      | Killed from afar by a shadow imp

Illustrated notes

Levels and vault maps discovered:
D:1:      eino_arrival_tree_alley, layout_basic,
          dreamdust_ecumenical_altar_angels_and_demons, minmay_heptomino_d4
D:2:      layout_loops_ring
D:3:      layout_loops_ring, grunt_ministairs_2, uniq_grinder, uniq_ijyb,
          uniq_natasha

Skill      XL: |  1  2  3  4  5 |
---------------+----------------+-----
Fighting       | 4 5 |  5.2
Axes           | 4 5 6 |  6.3
Armour         | 3 4 |  4.2
Dodging        | 3 |  3.9

Action                   |  1- 3 |  4- 6 || total
-------------------------+-------+-------++-------
Melee: Hand axe          |    77 |    63 ||   140
       Headbutt          |    11 |    12 ||    23
Invok: Berserk           |     1 |     2 ||     3
       Trog's Hand       |       |     1 ||     1
 Stab: Sleeping          |     1 |       ||     1
Armor: Animal skin       |    11 |    17 ||    28
Dodge: Dodged            |    46 |    42 ||    88

Table legend: (Time is in decaauts)
 A = Elapsed time spent in this place.
 B = Non-inter-level travel time spent in this place.
 C = Inter-level travel time spent in this place.
 D = Time resting spent in this place.
 E = Time spent auto-exploring this place.
 F = Levels seen in this place.
 G = Mean time per level.
                   A        B        C        D        E       F      G
               +--------+--------+--------+--------+--------+-----+--------+
         Total |   2704 |   2675 |     29 |    382 |   1784 |   3 |  901.3 |
       Dungeon |   2704 |   2675 |     29 |    382 |   1784 |   3 |  901.3 |
               +--------+--------+--------+--------+--------+-----+--------+

Top non-repeatable levels by time:
     D:1: 972 daAuts
     D:2: 875 daAuts
     D:3: 856 daAuts
